 Dungeon Crawl Stone Soup version 0.29-a0-393-g47a863cc1b (webtiles) character file.

Game seed: 14595071466726595505

49 dolemite99 the Ruffian (level 3, -1/36 HPs)
             Began as a Troll Fighter on May 9, 2022.
             Was an Initiate of Yredelemnul.
             Slain by an orc priest
             ... wielding a +0 falchion
              (3 damage)
             ... on level 3 of the Dungeon.
             The game lasted 00:01:40 (1290 turns).

dolemite99 the Ruffian (Troll Fighter)              Turns: 1290, Time: 00:01:40

Health: -1/36      AC:  4    Str: 24    XL:     3   Next: 53%
Magic:  2/2        EV:  8    Int:  4    God:    Yredelemnul [......]
Gold:   76         SH:  7    Dex: 11    Spells: 2/2 levels left

rFire   . . .      SeeInvis .     - Unarmed
rCold   . . .      Faith    .   b - +0 kite shield
rNeg    . . .      Spirit   .   a - +0 robe
rPois   .          Reflect  .   (helmet restricted)
rElec   .          Harm     .   (no cloak)
rCorr   .          Rampage  .   (gloves unavailable)
Will    .....                   (boots unavailable)
Stlth   +.........              (no amulet)
HPRegen 0.92/turn               (no ring)
MPRegen 0.08/turn               (no ring)

@: mighty
A: large, unfitting armour, claws 3, regeneration 1, shaggy fur 1, tough skin 1
a: Renounce Religion, Recall Undead Harvest


You were on level 3 of the Dungeon.
You worshipped Yredelemnul.
Yredelemnul was noncommittal.
You visited 1 branch of the dungeon, and saw 3 of its levels.

You collected 76 gold pieces.

Inventory:

Missiles
 o - 49 stones (quivered)
Armour
 a - a +0 robe (worn)
 b - a +0 kite shield (worn)
Magical Staves
 e - a staff of earth
 f - a staff of death
Jewellery
 l - a ring of fire
 m - a ring of ice
 p - a ring of magical power
Scrolls
 g - a scroll of enchant armour {unknown}
 h - a scroll of amnesia {unknown}
 i - a scroll of noise {unknown}
 j - a scroll of identify {unknown}
 k - 3 scrolls of teleportation {unknown}
Potions
 c - a potion of might
 d - a potion of curing {unknown}
 n - a potion of mutation {unknown}


   Skills:
 - Level 2.4 Fighting
 - Level 2.4 Dodging
 + Level 3.0 Shields
 + Level 3.3 Unarmed Combat


You had 2 spell levels left.
You didn't know any spells.
Your spell library contained the following spells:

 Spells                   Type           Power      Damage    Failure   Level
 Ensorcelled Hibernation  Hex/Ice        0%         N/A       90%         2
 Passwall                 Tmut/Erth      0%         N/A       90%         2
 Conjure Flame            Conj/Fire      0%         6-21      99%         3
 Ignite Poison            Fire/Tmut/Pois 0%         N/A       99%         3
 Swiftness                Air            0%         N/A       99%         3
 Sticky Flame             Conj/Fire      0%         2d3       100%        4


Dungeon Overview and Level Annotations

Branches:
Dungeon (3/15)

Altars:
Yredelemnul


Innate Abilities, Weirdness & Mutations

You are too large for most types of armour.
You have claws for hands.
Your natural rate of healing is unusually fast.
You are covered in fur. (AC +1)
You have tough skin. (AC +1)


Message History

The orc priest hits you with a +0 falchion.
The orc priest invokes the aid of Beogh against you.
Pain shoots through your body! You block the orc priest's attack.
You claw the orc priest!
The orc priest is heavily wounded.
The orc priest begins to cast a cantrip, but forgets the words!
The orc hits you but does no damage. The orc hits you with a +0 dagger.
The orc priest calls down the wrath of Beogh upon you.
Beogh smites you!
Your dart slug zombie closely misses the orc priest.
You feel very mighty all of a sudden. The orc priest barely misses you.
You block the orc's attack. The orc closely misses you.
The orc priest hits you with a +0 club.
You claw the orc priest!
The orc priest is severely wounded.
The orc priest barely misses you. The orc hits you with a +0 club.
* * * LOW HITPOINT WARNING * * *
The orc priest casts a cantrip, but nothing happens.
The orc hits you with a +0 dagger.
* * * LOW HITPOINT WARNING * * *
The orc priest calls down the wrath of Beogh upon you.
Pain shoots through your body!
* * * LOW HITPOINT WARNING * * *
Your dart slug zombie bites the orc priest but does no damage.
The orc hits you but does no damage. The orc hits you with a +0 club.
* * * LOW HITPOINT WARNING * * *
The orc priest closely misses you.
The orc priest calls upon Beogh to heal the orc priest.
The orc priest is healed somewhat.
You block the orc priest's attack.
You claw the orc!
You kill the orc!
A black mist starts to gather...
The orc hits you with a +0 dagger.
* * * LOW HITPOINT WARNING * * *
The orc priest closely misses you.
You claw the orc priest!
The orc priest is almost dead.
Your dart slug zombie barely misses the orc priest.
The orc priest hits you with a +0 falchion.
You die...
Your body rises from the dead as a mindless zombie.

#.# #.#
#.# #.#
#.# #.# P
#Z#
PP..###Z##
PP....o@o#
PP..###oS#
PP #o.#
#..# #..#
...# ##.#
..


You could see 3 orc priests, an orc, a ball python, a friendly orc zombie and a
friendly dart slug zombie.

Vanquished Creatures
  An adder (D:2)
  A dart slug (D:3)
  An orc (D:3)
  4 bats (D:1)
  3 endoplasms (D:1)
  A giant cockroach (D:1)
  6 goblins
  4 hobgoblins (D:1)
  A quokka (D:1)
  5 ball pythons
  3 kobolds
  4 rats
34 creatures vanquished.

Vanquished Creatures (collateral kills)
  A ball python (D:1)
  A rat (D:2)
2 creatures vanquished.

Vanquished Creatures (others)
  A kobold zombie (D:2)
1 creature vanquished.

Grand Total: 37 creatures vanquished

Notes
Turn   | Place    | Note
-------+----------+-------------------------------------------
     0 | D:1      | dolemite99 the Troll Fighter began the quest for the Orb.
     0 | D:1      | Reached XP level 1. HP: 22/22 MP: 0/0
    92 | D:1      | Reached XP level 2. HP: 24/29 MP: 1/1
   303 | D:1      | Found a faded altar of an unknown god.
   317 | D:1      | Prayed at the altar of an unknown god.
   317 | D:1      | Became a worshipper of Yredelemnul the Dark
   317 | D:1      | Reached * piety under Yredelemnul
   793 | D:2      | Reached XP level 3. HP: 36/36 MP: 2/2
  1289 | D:3      | HP: 1/36 [orc/+0 dagger (2)]
  1290 | D:3      | Slain by an orc priest

Illustrated notes

Levels and vault maps discovered:
D:1:      tarquinn_simple_flora_water_f, layout_basic,
          chequers_ecumenical_altar_island, grunt_decor_one_mirror,
          minmay_misc_feat_cross
D:2:      layout_loops_ring, nicolae_elevator_lobby_plus
D:3:      layout_loops_ring, mainiacjoe_overflow_chevrons,
          hangedman_glass_teeth, uniq_terence, uniq_crazy_yiuf_cottage

Skill      XL: |  1  2  3 |
---------------+----------+-----
Unarmed Combat | 3 |  3.3
Shields        | 3 |  3.0
Fighting       | |  2.4
Dodging        | |  2.4

Action                   || total
-------------------------++-------
Melee: Unarmed           ||    72
Throw: Stone             ||     1
  Use: Potion            ||     1
Armor: Robe              ||    29
Dodge: Dodged            ||    39
Block: Kite shield       ||    30

Table legend: (Time is in decaauts)
 A = Elapsed time spent in this place.
 B = Non-inter-level travel time spent in this place.
 C = Inter-level travel time spent in this place.
 D = Time resting spent in this place.
 E = Time spent auto-exploring this place.
 F = Levels seen in this place.
 G = Mean time per level.
                   A        B        C        D        E       F      G
               +--------+--------+--------+--------+--------+-----+--------+
         Total |   1300 |   1238 |     62 |      2 |    952 |   3 |  433.3 |
       Dungeon |   1300 |   1238 |     62 |      2 |    952 |   3 |  433.3 |
               +--------+--------+--------+--------+--------+-----+--------+

Top non-repeatable levels by time:
     D:1: 796 daAuts
     D:2: 481 daAuts
     D:3: 22 daAuts
